 Dungeon Crawl Stone Soup version 0.19.5 (webtiles) character file.

387 wolfsongas the Ruffian (level 6, -1/59 HPs)
             Began as a Troll Monk on May 5, 2017.
             Slain by a goblin
             ... wielding a cursed +0 club
             ... led by Robin
              (2 damage)
             ... on level 3 of the Dungeon.
             The game lasted 00:06:57 (1790 turns).

wolfsongas the Ruffian (Troll Monk)                 Turns: 1790, Time: 00:06:57

Health: -1/59      AC:  5    Str: 22    XL:     6   Next: 49%
Magic:  5/5        EV: 13    Int:  6    God:
Gold:   173        SH:  0    Dex: 12    Spells: 0 memorised, 5 levels left

rFire  . . .     SeeInvis .       - Unarmed
rCold  . . .     Gourm    +     a - +0 robe
rNeg   . . .     Faith    .     (no shield)
rPois  .         Spirit   .     (helmet restricted)
rElec  .         Reflect  .     (no cloak)
rCorr  +         Harm     .     (gloves unavailable)
MR     .....                    (boots unavailable)
Stlth  ++........               (no amulet)
                                b - ring of resist corrosion
                                c - +3 ring of evasion

@: no status effects
A: unfitting armour, claws 3, fast metabolism 3, gourmand, regeneration 1,
shaggy fur 1, tough skin 2
a: no special abilities


You were on level 3 of the Dungeon.
You were full.

You visited 1 branch of the dungeon, and saw 3 of its levels.

You collected 173 gold pieces.

Inventory:

Armour
 a - a +0 robe (worn)
Jewellery
 b - a ring of resist corrosion (right claw)
 c - a +3 ring of evasion (left claw)
Scrolls
 e - a scroll of enchant weapon
Potions
 d - a potion of flight


   Skills:
 - Level 2.4 Fighting
 - Level 2.4 Dodging
 - Level 1.0 Stealth
 * Level 7.4 Unarmed Combat


You had 5 spell levels left.
You didn't know any spells.

Dungeon Overview and Level Annotations

Branches:
Dungeon (3/15)

Altars:
Makhleb
Xom


Innate Abilities, Weirdness & Mutations

You are too large for most types of armour.
You have claws for hands.
Your metabolism is lightning-fast.
You like to eat raw meat.
Your natural rate of healing is unusually fast.
You are covered in fur. (AC +1)
You have very tough skin. (AC +2)


Message History

The hobgoblin hits you with a club.
* * * LOW HITPOINT WARNING * * *
A hobgoblin comes into view.
The hobgoblin shouts!
You scratch the goblin.
You kill the goblin!
The goblin hits you with a club!
* * * LOW HITPOINT WARNING * * *
The goblin hits you with a club.
* * * LOW HITPOINT WARNING * * *
The hobgoblin no longer looks unusually strong.
The goblin hits you with a club.
* * * LOW HITPOINT WARNING * * *
The goblin hits you but does no damage. The hobgoblin closely misses you.
There is a stone staircase leading up here.
Things that are here:
a hunting sling; 27 stones; a goblin corpse The frilled lizard unfolds its giant frill.
The goblin hits you with a club.
You die...

#.# # #. ..### #.#. ## .
....## #.#[ .####.#
#.#..# #..g##.#..g..
..##.#######..........
..................l.
........####...)).#
......#...#....ggg#
.####..##.#....)@g#
######.>..........####.
.......................#
######.#..#.......######
## #..##.#..)....#
.####.###.#.......#
......# #........##
#.##### ##.......#
#.....###....###.#


You could see 3 hobgoblins, 2 goblins and a frilled lizard.

Vanquished Creatures
  Sigmund (D:3)
  The ghost of lanetrain the Chiller, an amateur VSIE of Dithmenos (D:3)
  A crimson imp (D:3)
  Robin (D:3)
  2 adders (D:3)
  An ooze (D:1)
  3 worms (D:3)
  2 leopard geckos
  3 orcs (D:3)
  3 giant cockroaches
  8 goblins
  7 hobgoblins
  2 jackals (D:3)
  10 kobolds
  4 ball pythons
  4 bats
  A frilled lizard (D:2)
  A quokka zombie (D:3)
  5 rats
60 creatures vanquished.

Notes
Turn   | Place    | Note
-------+----------+-------------------------------------------
     0 | D:1      | wolfsongas the Troll Monk began the quest for the Orb.
     0 | D:1      | Reached XP level 1. HP: 22/22 MP: 0/0
   125 | D:1      | Reached XP level 2. HP: 26/29 MP: 1/1
   263 | D:1      | Reached skill level 4 in Unarmed Combat
   462 | D:1      | Reached XP level 3. HP: 36/36 MP: 2/2
  1169 | D:2      | You fall through a shaft!
  1180 | D:3      | Noticed lanetrain's ghost (amateur VSIE)
  1187 | D:3      | Killed lanetrain's ghost
  1187 | D:3      | Reached skill level 5 in Unarmed Combat
  1187 | D:3      | Reached XP level 4. HP: 3/44 MP: 3/3
  1187 | D:3      | Reached XP level 5. HP: 4/50 MP: 4/4
  1486 | D:3      | Reached skill level 6 in Unarmed Combat
  1605 | D:3      | Found a burning altar of Makhleb.
  1605 | D:3      | Found a shimmering altar of Xom.
  1630 | D:3      | Noticed Sigmund
  1637 | D:3      | Killed Sigmund
  1637 | D:3      | Reached skill level 7 in Unarmed Combat
  1637 | D:3      | Reached XP level 6. HP: 59/59 MP: 5/5
  1773 | D:3      | Noticed Robin
  1781 | D:3      | Killed Robin
  1788 | D:3      | HP: 1/59 [goblin/club[Robin] (5)]
  1790 | D:3      | Slain by a goblin

Skill      XL: |  1  2  3  4  5 |
---------------+----------------+-----
Unarmed Combat | 4 5 7 |  7.4
Fighting       | |  2.4
Dodging        | |  2.4
Stealth        | |  1.0

Action                   |  1- 3 |  4- 6 || total
-------------------------+-------+-------++-------
Melee: Unarmed           |    92 |    73 ||   165
       Punch             |     2 |       ||     2
  Use: Potion            |     5 |     2 ||     7
       Scroll            |     3 |     4 ||     7
 Stab: Sleeping          |     2 |       ||     2
  Eat: Bread ration      |     2 |       ||     2
       Chunk             |     1 |     3 ||     4
       Meat ration       |       |     1 ||     1
Armor: Robe              |    34 |    24 ||    58
Dodge: Dodged            |    79 |    57 ||   136
